 Dungeon Crawl Stone Soup version 0.21.1-1-g345015fe64 (webtiles) character file.

19 Htamos the Skirmisher (level 2, -8/26 HPs)
             Began as a Formicid Abyssal Knight on July 14, 2018.
             Was a Follower of Lugonu.
             Mangled by a kobold
             ... wielding a +1 dagger of distortion
              (21 damage)
             ... on level 1 of the Dungeon.
             The game lasted 00:01:50 (674 turns).

Htamos the Skirmisher (Formicid Abyssal Knight)      Turns: 674, Time: 00:01:51

Health: -8/26      AC:  3    Str: 16    XL:     2   Next: 95%
Magic:  3/3        EV: 11    Int: 11    God:    Lugonu [*.....]
Gold:   73         SH:  0    Dex: 10    Spells: 1/1 levels left

rFire    . . .     SeeInvis +   a - +1 mace
rCold    . . .     Gourm    .   (no shield)
rNeg     . . .     Faith    .   b - +0 leather armour
rPois    .         Spirit   .   (helmet unavailable)
rElec    .         Reflect  .   (no cloak)
rCorr    .         Harm     .   (no gloves)
MR       .....                  (no boots)
Stlth    +.........             (no amulet)
HPRegen  0.08/turn              (no ring)
MPRegen  0.08/turn              (no ring)

@: no status effects
A: permanent stasis, dig shafts and tunnels, four strong arms, antennae 3
a: Dig, Shaft Self, Depart the Abyss, Renounce Religion


You were on level 1 of the Dungeon.
You worshipped Lugonu.
Lugonu was aware of your devotion.
You were not hungry.

You visited 1 branch of the dungeon, and saw 1 of its levels.
You visited the Abyss 1 time.

You collected 73 gold pieces.

Inventory:

Hand Weapons
 a - a +1 mace (weapon)
Armour
 b - a +0 leather armour (worn)
Jewellery
 d - an uncursed ring of protection from magic {unknown}
Scrolls
 g - a scroll of blinking {unknown}
 h - a scroll of enchant armour {unknown}
 i - a scroll of immolation {unknown}
 j - a scroll of remove curse {unknown}
Potions
 e - 3 potions of agility {unknown}
 f - a potion of heal wounds {unknown}
Comestibles
 c - 3 rations


   Skills:
 + Level 4.3 Fighting
 - Level 2.0 Maces & Flails
 - Level 2.1 Armour
 - Level 0.8 Dodging
 - Level 2.1 Invocations


You had one spell level left.
You didn't know any spells.

Dungeon Overview and Level Annotations

Branches:
Dungeon (1/15)

Altars:


Innate Abilities, Weirdness & Mutations

You cannot be hasted, slowed, berserked, paralysed or teleported.
You can dig through walls and to a lower floor.
Your four strong arms can wield two-handed weapons with a shield.
You have a pair of large antennae on your head. (SInv)


Message History

You hit the rat.
You kill the rat!
Lugonu accepts your kill. The bat hits you but does no damage.
You hit the bat.
You kill the bat!
Lugonu accepts your kill.
The kobold hits you with a dagger of distortion.
The kobold hits you but does no damage. Space bends around you.
You hit the kobold.
The kobold is heavily wounded.
The kobold hits you with a dagger of distortion.
Space bends around you.
You barely miss the kobold.
The kobold is heavily wounded.
The kobold hits you with a dagger of distortion.
* * * LOW HITPOINT WARNING * * *
Space warps horribly around you!
Ouch! That really hurt!
You die...

.. ..
......?.# .
........##
.
.........#
.........#
# #
.........#
##.#.
.........#
#....
.......K†#
....#
......†@.#
....#
.......#.#
....#
.#######.#
#...# #.#
##..## .#
#.#
#....####.#
#.#
...#...##.#
#.#
...###.##.#
#.# #.##
#.##.# #.##


You could see a kobold.

Vanquished Creatures
  An ooze (D:1)
  2 ball pythons (D:1)
  A giant cockroach (D:1)
  2 goblins (D:1)
  2 hobgoblins (D:1)
  2 bats (D:1)
  2 kobolds (D:1)
  3 rats (D:1)
15 creatures vanquished.

Notes
Turn   | Place    | Note
-------+----------+-------------------------------------------
     0 | Abyss:1  | Htamos the Formicid Abyssal Knight began the quest for the Orb.
     0 | Abyss:1  | Reached XP level 1. HP: 18/18 MP: 2/2
    51 | Abyss:1  | Noticed a worldbinder
    54 | Abyss:1  | Noticed a merfolk siren
    54 | Abyss:1  | Noticed a merfolk siren
    54 | D:1      | Escaped the Abyss
   365 | D:1      | Reached XP level 2. HP: 22/25 MP: 3/3
   462 | D:1      | Reached * piety under Lugonu
   499 | D:1      | Reached skill level 4 in Fighting
   674 | D:1      | Mangled by a kobold

Skill      XL: |  1  2 |
---------------+-------+-----
Fighting       | 4 |  4.3
Maces & Flails | |  2.0
Armour         | |  2.1
Dodging        | |  0.8
Invocations    | |  2.1

Action                   || total
-------------------------++-------
Melee: Mace              ||    43
Invok: Depart the Abyss  ||     1
Armor: Leather armour    ||    24
Dodge: Dodged            ||    33
